 Dungeon Crawl Stone Soup version 0.26-a0-818-g75db068ed4 (webtiles) character file.

Game seed: 8590471247056742156

1177 whatsthevibe the Sneak (level 8, 0/85 HPs)
             Began as a Vampire Brigand on Nov 15, 2020.
             Succumbed to a queen bee's poison
             ... on level 8 of the Dungeon.
             The game lasted 00:35:24 (5268 turns).

whatsthevibe the Sneak (Vampire Brigand)            Turns: 5268, Time: 00:35:24

Health: 0/85       AC: 24    Str: 11    XL:     8   Next: 18%
Magic:  8/8        EV:  2    Int: 13    God:
Gold:   333        SH:  0    Dex: 19    Spells: 7/7 levels left

rFire    + . .     SeeInvis +   f - +4 quarterstaff (chaos)
rCold    . . .     Faith    .   (shield currently unavailable)
rNeg     + + +     Spirit   .   (armour currently unavailable)
rPois    +         Reflect  .   (helmet currently unavailable)
rElec    .         Harm     .   (cloak currently unavailable)
rCorr    .         Rampage  .   (gloves currently unavailable)
MR       .....     NoTele   +   (boots currently unavailable)
Stlth    +++++.....             (no amulet)
HPRegen  0.44/turn              r - ring of protection from fire
MPRegen  0.11/turn              s - ring of stealth

@: lethally poisoned (0 -> -12), tree-form, regenerating quickly
A: see invisible, agile 1, mutation resistance 1
a: Exsanguinate


You were on level 8 of the Dungeon.
You were a tree.
You visited 1 branch of the dungeon, and saw 8 of its levels.
You also visited: Ossuary.

You collected 333 gold pieces.

Inventory:

Hand Weapons
 a - a +2 dagger
 d - a +0 antimagic spear
 f - a +4 quarterstaff of chaos (weapon)
 o - a +2 vorpal hand axe
 x - a +2 falchion of electrocution
 y - a +3 short sword
Missiles
 k - 63 arrows
 q - 68 stones
 t - a poisoned dart (quivered)
 u - 5 datura-tipped darts
Armour
 b - a +0 robe (melded)
 c - a +0 cloak (melded)
 h - a +0 cloak
 l - a +0 buckler
 p - a +1 helmet (melded)
 v - +0 ice dragon scales
Jewellery
 i - an uncursed ring of fire
 r - a ring of protection from fire (left branch)
 s - a ring of stealth (right branch)
Wands
 j - a wand of flame (21)
Scrolls
 n - 2 scrolls of identify
Potions
 g - 2 potions of flight


   Skills:
 + Level 2.9 Fighting
 + Level 3.5 Short Blades
 + Level 3.0 Staves
 + Level 5.9 Throwing
 + Level 3.6 Dodging
 + Level 7.2 Stealth


You had 7 spell levels left.
You didn't know any spells.
Your spell library was empty.

Dungeon Overview and Level Annotations

Branches:
Dungeon (8/15)             Temple (0/1) D:5         Ossuary (visited)
   Lair: D:8-11

Altars:
Fedhas
Trog


Innate Abilities, Weirdness & Mutations

Your natural rate of healing is unusually fast.
((You have razor-sharp teeth.))
You have supernaturally acute eyesight. (SInv)
((You can survive without breathing.))
You are agile. (Dex +2)
You are somewhat resistant to further mutation.


Message History

You feel yourself speed up.
* * * LOW HITPOINT WARNING * * *
You feel very sick. The queen bee stings you.
* * * LOW HITPOINT WARNING * * *
You turn into a tree.
Your +0 cloak melds into your body.
Your +1 helmet melds into your body.
Your +0 robe melds into your body.
Your roots penetrate the ground.
* * * LOW HITPOINT WARNING * * *
You feel sick.
The queen bee stings you but does no damage.
You cannot fly right now.
Quivering
t - 2 poisoned darts for throwing.
You are too injured to fight recklessly!
Throwing (i - inventory. (/) - cycle)
t - 2 poisoned darts (quivered)
Press: ? - help, Shift-Dir - straight line, f/p - queen bee
Aim: a queen bee You throw a poisoned dart.
The poisoned dart hits the queen bee.
The queen bee is poisoned.
You die...

#.......( +........
#######....(...
#.....#...(....
#.###.#...(.... #.#
#.#..(./...
#.###.#.(......
#####.).#.♣y.......
#.....#.###########
#.###.#.# #.# # #.#
#<# ###


You could see a queen bee (poisoned).

Vanquished Creatures
  Sigmund (D:2)
  An ice beast (D:6)
  An orc warrior (D:6)
  A centaur (D:5)
  An ogre (D:6)
  A bullfrog (D:8)
  A hound (D:5)
  Crazy Yiuf (D:2)
  2 orc priests
  2 iguanas
  Natasha (twice) (D:2)
  4 orc wizards
  2 worker ants
  A mummy (D:6)
  Robin (D:2)
  10 adders
  2 shadow imps (D:5)
  3 worms (D:2)
  2 dart slugs
  3 leopard geckos
  19 orcs
  4 giant cockroaches
  14 goblins
  8 hobgoblins
  4 jackals (D:2)
  5 kobolds
  3 quokkas
  A ball python (D:2)
  5 bats
  3 frilled lizards
  A hobgoblin zombie (D:6)
  5 rats
  A bush (D:1)
115 creatures vanquished.

Notes
Turn   | Place    | Note
-------+----------+-------------------------------------------
     0 | D:1      | whatsthevibe the Vampire Brigand began the quest for the
                  | Orb.
     0 | D:1      | Reached XP level 1. HP: 16/16 MP: 1/1
    11 | D:1      | Reached skill level 6 in Stealth
   233 | D:1      | Reached XP level 2. HP: 22/22 MP: 2/2
  1106 | D:2      | Noticed Robin
  1304 | D:2      | Reached XP level 3. HP: 27/27 MP: 3/3
  1304 | D:2      | Killed Robin
  1705 | D:2      | Noticed Natasha
  1720 | D:2      | Reached XP level 4. HP: 26/33 MP: 4/4
  1729 | D:2      | Killed Natasha
  1886 | D:2      | Noticed Sigmund
  1914 | D:2      | Killed Sigmund
  1915 | D:2      | Reached XP level 5. HP: 13/38 MP: 5/5
  2076 | D:2      | Noticed Natasha
  2087 | D:2      | Killed Natasha
  2088 | D:2      | Reached XP level 6. HP: 39/44 MP: 6/6
  2208 | D:2      | Found a runed translucent door.
  2209 | D:2      | Noticed Crazy Yiuf
  2225 | D:2      | Killed Crazy Yiuf
  2744 | D:3      | Found a bloodstained altar of Trog.
  3539 | D:5      | Entered Level 5 of the Dungeon
  3633 | D:5      | Reached skill level 1 in Staves
  3740 | D:5      | Reached XP level 7. HP: 33/50 MP: 7/7
  4014 | D:5      | Found a staircase to the Ecumenical Temple.
  4049 | D:5      | Reached skill level 7 in Stealth
  4164 | D:5      | Reached skill level 5 in Throwing
  4560 | D:6      | Found a blossoming altar of Fedhas.
  4791 | D:6      | Found a sand-covered staircase.
  4812 | D:6      | Reached XP level 8. HP: 25/57 MP: 8/8
  4946 | Ossuary  | Entered an ossuary
  4977 | D:7      | Gained mutation: You are somewhat resistant to further
                  | mutation. [potion of mutation]
  4977 | D:7      | Gained mutation: You are agile. (Dex +2) [potion of
                  | mutation]
  5255 | D:8      | Noticed a hornet
  5264 | D:8      | Noticed a queen bee
  5264 | D:8      | a hornet changed into a queen bee
  5266 | D:8      | HP: 1/57 [queen bee (3)]
  5268 | D:8      | Succumbed to a queen bee's poison

Illustrated notes

Levels and vault maps discovered:
D:1:      moated_graveyard_arrival, layout_rooms, serial_forest,
          infiniplex_forest_end_1, infiniplex_forest_straight_4,
          infiniplex_forest_lined_corner, infiniplex_forest_lined_room_3,
          infiniplex_forest_straight_2, infiniplex_forest_zigzag_1,
          infiniplex_forest_lined_room_2, infiniplex_forest_lined_1,
          chequers_serial_rivers_large_a
D:2:      layout_loops_cross, minmay_liquid_box, uniq_crazy_yiuf_cottage,
          uniq_natasha, uniq_sigmund, uniq_robin
D:3:      layout_basic, nicolae_overflow_crystal_walls
D:4:      layout_cave_pools, uniq_duvessa, uniq_ijyb, uniq_pikel
D:5:      layout_gridville, minmay_temple_entry_wispy
D:6:      layout_loops_ring, minitemple, lemuel_coloured_pillars_altar,
          enter_ossuary_3, basic_altar
D:7:      minmay_the_grid_octo_2x2 [minmay_the_grid_octo_horde,
          minmay_the_grid_octo_vomiting_pacman,
          minmay_the_grid_octo_fat_diamond,
          minmay_the_grid_octo_prize_square_snowflake], layout_loops_ring
D:8:      layout_basic, gammafunk_ghost_stat_death

Skill      XL: |  1  2  3  4  5  6  7  8 |
---------------+-------------------------+-----
Stealth        | 6 7 |  7.2
Throwing       | 2 3 4 5 |  5.9
Fighting       | 2 |  2.9
Dodging        | 2 3 |  3.6
Short Blades   | 3 |  3.5
Staves         | 1 2 3 |  3.0

Action                   |  1- 3 |  4- 6 |  7- 9 || total
-------------------------+-------+-------+-------++-------
Melee: Dagger            |   263 |    40 |       ||   303
       Bite              |    46 |     4 |    13 ||    63
       Quarterstaff      |       |    36 |    96 ||   132
Throw: Dart              |   137 |    97 |   120 ||   354
       Stone             |       |     2 |     8 ||    10
  Use: Scroll            |     3 |     4 |     2 ||     9
       Potion            |     1 |     5 |     3 ||     9
 Stab: Sleeping          |       |     2 |       ||     2
       Confused          |       |       |     1 ||     1
Armor: Robe              |    30 |    11 |    26 ||    67
       Skin              |       |    11 |     1 ||    12
Dodge: Dodged            |    92 |    56 |    73 ||   221

Table legend: (Time is in decaauts)
 A = Elapsed time spent in this place.
 B = Non-inter-level travel time spent in this place.
 C = Inter-level travel time spent in this place.
 D = Time resting spent in this place.
 E = Time spent auto-exploring this place.
 F = Levels seen in this place.
 G = Mean time per level.
                   A        B        C        D        E       F      G
               +--------+--------+--------+--------+--------+-----+--------+
         Total |   5200 |   5176 |     24 |    891 |    101 |   9 |  577.8 |
       Dungeon |   5188 |   5164 |     24 |    891 |    101 |   8 |  648.5 |
       Ossuary |     11 |     11 |      0 |      0 |      0 |   1 |   11.0 |
               +--------+--------+--------+--------+--------+-----+--------+

Top non-repeatable levels by time:
     D:2: 1611 daAuts
     D:1: 976 daAuts
     D:3: 805 daAuts
     D:5: 694 daAuts
     D:6: 569 daAuts
     D:8: 268 daAuts
     D:4: 240 daAuts
     D:7: 22 daAuts
 Ossuary: 11 daAuts
